 Dungeon Crawl Stone Soup version 0.30-a0-210-g01b79a254e (webtiles) character file.

Game seed: 13559315410278593251

32991 LnG the Imperceptible (level 14, -21/74 (79) HPs)
             Began as a Kobold Summoner on Oct 3, 2022.
             Was an Elder of Dithmenos.
             Killed from afar by a wizard (39 damage)
             ... with a fireball
             ... on level 14 of the Dungeon on Oct 4, 2022.
             The game lasted 00:58:21 (16147 turns).

LnG the Imperceptible (Kobold Summoner)            Turns: 16147, Time: 00:58:22

HP:   -21/74 (79)   AC: 11    Str: 12    XL:     14   Next: 5%
MP:   18/27         EV: 35    Int: 21    God:    Dithmenos [****..]
Gold: 787           SH:  0    Dex: 21    Spells: 18/31 levels left

rFire   . . .      SeeInvis .    D - +7 short sword (spect)
rCold   . . .      Faith    .    (no shield)
rNeg    . . .      Spirit   .    a - +1 robe
rPois   .          Reflect  .    d - +1 helmet
rElec   .          Harm     .    E - +2 cloak
rCorr   .          Rampage  .    i - +1 pair of gloves
Will    +....                    B - +0 pair of boots Stlth ****++++++
                                 F - amulet of the acrobat
HPRegen 0.32/turn                l - +6 ring of dexterity
MPRegen 0.20/turn                I - +6 ring of strength

@: acrobatic, wreathed by umbra, studying Summonings, drained
A: small, no large weapons, nightstalker 3
a: Renounce Religion, Shadow Step


You were on level 14 of the Dungeon.
You worshipped Dithmenos.
Dithmenos was greatly pleased with you.
You visited 2 branches of the dungeon, and saw 15 of its levels.
You also visited: Sewer.

You collected 845 gold pieces.
You spent 58 gold pieces at shops.

Inventory:

Hand Weapons
 e - a +0 dagger
 r - a +2 dagger of distortion
 y - a +4 dagger
 D - a +7 spectral short sword (weapon)
 O - the +8 lance "Wyrmbane" {slay drac, rPois rF+ rC+ AC+3}
   (You found it on level 12 of the Dungeon)

   It inflicts extra damage against dragons and draconians.
   AC:        It affects your AC (+3).
   rF:        It protects you from fire.
   rC:        It protects you from cold.
   rPois:     It protects you from poison.
Missiles
 o - 11 throwing nets
Armour
 a - a +1 robe (worn)
 d - a +1 helmet (worn)
 i - a +1 pair of gloves (worn)
 B - a +0 pair of boots (worn)
 E - a +2 cloak (worn)
Jewellery
 l - a +6 ring of dexterity (left hand)
 F - an amulet of the acrobat (around neck)
 I - a +6 ring of strength (right hand)
 N - an amulet of reflection
Wands
 G - a wand of mindburst (8)
 H - a wand of polymorph (3)
 K - a wand of flame (10)
Scrolls
 c - 4 scrolls of poison
 g - 4 scrolls of fear
 h - 9 scrolls of teleportation
 k - 6 scrolls of amnesia
 q - 2 scrolls of magic mapping
 w - 2 scrolls of noise
 x - a scroll of blinking
 L - 2 scrolls of butterflies {unknown}
 M - a scroll of torment
Potions
 b - 2 potions of magic
 f - 5 potions of might
 j - 8 potions of curing
 m - 4 potions of brilliance
 n - 2 potions of flight
 p - 4 potions of mutation
 s - a potion of invisibility {unknown}
 t - 4 potions of heal wounds
 u - 3 potions of haste
 v - a potion of cancellation {unknown}
 A - a potion of lignification
 C - a potion of degeneration {unknown}
Miscellaneous
 z - a lightning rod (4/4)
 J - a tin of tremorstones (2/2)


   Skills:
 + Level 5.8 Fighting
 + Level 9.5 Short Blades
 + Level 7.8 Dodging
 * Level 21.7 Stealth
 + Level 9.3 Spellcasting
 + Level 1.2 Hexes
 + Level 12.4 Summonings
 + Level 3.0 Air Magic
 + Level 0.3 Evocations


You had 18 spell levels left.
You knew the following spells:

 Your Spells              Type           Power      Damage    Failure   Level
a - Summon Small Mammal   Summ           100%       N/A       1%          1
b - Call Imp              Summ           58%        N/A       1%          2
c - Call Canine Familiar  Summ           58%        N/A       1%          3
d - Summon Guardian Gole  Hex/Summ       38%        N/A       1%          3
e - Summon Lightning Spi  Summ/Air       42%        N/A       2%          4

Your spell library contained the following spells:

 Spells                   Type           Power      Damage    Failure   Level
 Animate Armour           Summ/Erth      70%        N/A       5%          4
 Swiftness                Air            22%        N/A       6%          3
 Beastly Appendage        Tmut           18%        N/A       7%          1
 Ensorcelled Hibernation  Hex/Ice        24%        N/A       9%          2
 Passwall                 Tmut/Erth      7%         N/A       11%         2
 Wereblood                Tmut           9%         N/A       11%         2
 Vhi's Electric Charge    Tloc/Air       32%        N/A       11%         3
 Hailstorm                Conj/Ice       9%         3d4       21%         3
 Spider Form              Tmut/Pois      9%         N/A       21%         3
 Stone Arrow              Conj/Erth      18%        3d8       21%         3
 Leda's Liquefaction      Hex/Erth       6%         N/A       47%         4
 Ice Form                 Ice/Tmut       9%         N/A       56%         4
 Arcjolt                  Conj/Air       8%         1d18      71%         5
 Lee's Rapid Deconstruct  Erth           4%         3d6*      88%         5
 Simulacrum               Ice/Necr       4%         N/A       100%        6
 Statue Form              Tmut/Erth      6%         N/A       100%        6
 Lehudib's Crystal Spear  Conj/Erth      4%         10d3      100%        8
 Maxwell's Capacitive Co  Air            11%        ∞         100%        8


Dungeon Overview and Level Annotations

Branches:
Dungeon (14/15)            Temple (1/1) D:5            Lair (0/5) D:8
    Orc (0/2) D:10          Sewer (visited)
 Vaults: D:13-14

Altars:
Ashenzari
Cheibriados
Dithmenos
Elyvilon
Fedhas
Gozag
Hepliaklqana
Kikubaaqudgha
Makhleb
Nemelex Xobeh
Okawaru
Qazlal
Ru
Sif Muna
Trog
Uskayaw
Vehumet
Wu Jian
Xom
Yredelemnul
Zin
The Shining One

Shops:
D:14 :*

Annotations:
Abyss:1 Grinder


Innate Abilities, Weirdness & Mutations

You are small and have problems with some larger weapons.
You are completely attuned to the shadows.


Message History

Your wolf bites the human!
The necromancer closely misses you.
The human completely misses your lightning spire.
The human hits your lightning spire but does no damage.
The wizard hits your lightning spire but does no damage.
The human barely misses your lightning spire.
Your lightning spire shoots out a bolt of lightning at the human!
The bolt of electricity hits the human!
Your wolf barely misses the human.
You barely miss the necromancer.
The necromancer is lightly wounded.
Unknown command.
You hit the necromancer.
The necromancer is moderately wounded.
Your wolf barely misses the human.
The necromancer casts a spell at you. The bolt of negative energy hits you!!
You feel drained. The human hits your lightning spire!
Your lightning spire is destroyed!
Your lightning spire disappears in a puff of smoke!
Casting: Call Canine Familiar (safe; 1% risk of failure)
Confirm with . or Enter, or press ? or * to list all spells.
An electric hum fills the air.
Your wolf bites the human.
Your wolf bites the human!
The human dies!
Dithmenos accepts your kill.
A freezing mist starts to gather...
The wizard completely misses you. The necromancer casts a spell at you.
The bolt of negative energy hits you!!
You feel drained.
A human simulacrum comes into view.
Your wolf closely misses the human.
Your wolf bites the human.
The human barely misses your wolf.
Unknown command.
Your wolf bites the necromancer.
The human simulacrum hits your lightning spire but does no damage.
The necromancer casts a spell at you.
Your body is wracked with pain!
* * * LOW HITPOINT WARNING * * *
The wizard gestures at you while chanting.
The fireball explodes!
The fireball engulfs you!!!
Ouch! That really hurt!
You die...

..######..############.......##
..##......##..................#
..........##.#############....#
...........#.#...[.# #....#
.............'.††..# #...##
..........#..'..⌠..# #..##
..........#..'.....# #..##.
.........###.#.....# #.##..
#.~~~~~..# #.##'@'###++ #...#
#.~###~.# #.#..8.p#... #..##
#..'∩#~.# #.#..)Zppp.. #.##
##~###~.# #.#..†hp'..⌠ #..#
#~~~~~# #.#[....'... #..#
####..# #.#.....#... #..# #.##
#.#############..## ####.#
#.................# ##....#
####..............#


You could see a necromancer (ally target), a wizard (soul bound, ally target), 3
humans, a human simulacrum, a friendly wolf (summoned) and a friendly lightning
spire (summoned).

Vanquished Creatures
  Harold (D:9)
  A hydra (D:13)
  8 centaur warriors
  2 tengu warriors (D:13)
  A two-headed ogre (D:11)
  Sonja (D:11)
  4 skeletal warriors (D:13)
  An orc knight (D:12)
  2 cyclopes
  An ugly thing (D:12)
  3 manticores
  2 kobold demonologists (D:13)
  A komodo dragon (D:12)
  A tengu conjurer (D:13)
  2 trolls
  A hornet (D:10)
  A tarantella (shapeshifter) (D:13)
  13 slime creatures
  2 shadows
  A wyvern (D:7)
  12 humans (D:14)
  A vampire (D:10)
  10 yaks
  4 wraiths
  A basilisk (shapeshifter) (D:11)
  A steam dragon (D:8)
  5 vampire mosquitoes
  An acid dragon (D:10)
  2 water moccasins (D:8)
  4 sky beasts
  2 black bears (D:5)
  17 orc warriors
  An ice beast (D:6)
  2 ogres (D:10)
  5 centaurs
  2 phantoms
  5 kobold brigands
  2 gnoll sergeants (D:10)
  2 bullfrogs
  2 scorpions
  3 wights (D:7)
  4 killer bees (D:9)
  A vampire bat (D:8)
  2 gnoll boudas
  5 orc priests
  A hound (D:5)
  2 iguanas
  6 orc wizards
  A nameless horror (D:13)
  15 gnolls
  An adder (D:3)
  A shadow imp (D:6)
  A white imp (D:7)
  A worm (D:2)
  3 dart slugs
  19 orcs
  17 bats
  An endoplasm (D:1)
  5 giant cockroaches
  6 goblins
  3 hobgoblins
  33 kobolds
  A quokka (D:1)
  4 ball pythons
  2 frilled lizards
  6 rats
274 creatures vanquished.

Vanquished Creatures (collateral kills)
  A two-headed ogre (D:10)
  A skeletal warrior (D:13)
  A kobold demonologist (D:13)
  A troll (D:9)
  A wraith (D:11)
  3 yaks (D:11)
  A vampire mosquito (D:11)
  A human (D:14)
  2 steam dragons (D:7)
  3 orc warriors (D:10)
  A sky beast (D:7)
  2 ogres (D:4)
  A nameless horror (D:7)
  2 kobold brigands
  3 gnoll sergeants
  A scorpion (D:5)
  A wight (D:7)
  An orc priest (D:3)
  A gnoll bouda (D:7)
  2 orc wizards
  Robin (D:2)
  7 gnolls
  A river rat (D:5)
  An adder (D:2)
  A white imp (D:5)
  A worm (D:5)
  7 orcs
  A ball python (D:5)
  3 endoplasms
  2 giant cockroaches
  5 goblins
  4 hobgoblins
  2 jackals (D:2)
  A quokka (D:2)
  6 kobolds
  2 rats (D:5)
75 creatures vanquished.

Vanquished Creatures (others)
  A skeletal warrior (D:13)
  4 yaks (D:5)
  A gnoll bouda (D:6)
  2 gnolls (D:6)
  An adder (D:6)
9 creatures vanquished.

Grand Total: 358 creatures vanquished

Notes
Turn   | Place    | Note
-------+----------+-------------------------------------------
     0 | D:1      | LnG the Kobold Summoner began the quest for the Orb.
     0 | D:1      | Reached XP level 1. HP: 10/10 MP: 3/3
   351 | D:1      | Reached XP level 2. HP: 9/15 MP: 1/5
   354 | D:1      | Learned a level 2 spell: Call Imp
   436 | D:1      | Reached skill level 3 in Stealth
   436 | D:1      | Reached XP level 3. HP: 19/19 MP: 3/6
   440 | D:1      | Learned a level 3 spell: Call Canine Familiar
   515 | D:1      | Reached skill level 5 in Summonings
   871 | D:2      | Noticed Robin
   876 | D:2      | Killed Robin
   877 | D:2      | Reached XP level 4. HP: 17/24 MP: 4/7
  1100 | D:2      | Reached skill level 4 in Stealth
  1385 | D:2      | Upgraded the game from 0.30-a0-187-gd9c2deaf24 to
                  | 0.30-a0-210-g01b79a254e
  2603 | D:3      | Reached XP level 5. HP: 25/28 MP: 9/9
  2609 | D:3      | Learned a level 3 spell: Summon Guardian Golem
  2842 | D:3      | Reached skill level 1 in Short Blades
  2996 | D:3      | Reached skill level 5 in Stealth
  3078 | D:4      | Noticed an ogre
  3089 | D:4      | Killed an ogre
  3090 | D:4      | Reached XP level 6. HP: 33/33 MP: 3/11
  3192 | D:4      | Noticed an ogre
  3227 | D:4      | Killed an ogre
  3228 | D:4      | Reached skill level 1 in Fighting
  3355 | D:4      | Reached XP level 7. HP: 24/38 MP: 9/12
  3410 | D:4      | You fall into a shaft and drop 3 floors!
  3417 | D:7      | Found a blossoming altar of Fedhas.
  3509 | D:7      | Reached skill level 6 in Stealth
  3924 | D:6      | Identified the +7 sling of Joyd Quv {flame, Drain Dex+5}
  3985 | D:6      | Noticed Grinder
  4006 | D:5      | Entered Level 5 of the Dungeon
  4059 | D:5      | Reached skill level 7 in Stealth
  4059 | D:5      | Reached XP level 8. HP: 42/43 MP: 15/15
  4216 | D:5      | Found an iron altar of Okawaru.
  4218 | D:5      | Found a shimmering blue altar of Sif Muna.
  4223 | D:5      | Found a sacrificial altar of Ru.
  4227 | D:5      | Reached skill level 5 in Spellcasting
  4231 | D:5      | Found a glowing silver altar of Zin.
  4320 | D:5      | Found a glowing drain.
  4338 | Sewer    | Entered a sewer
  4547 | Sewer    | Reached skill level 8 in Stealth
  4790 | D:5      | Noticed a yak
  4793 | D:5      | Noticed a yak
  4814 | D:5      | Killed a yak
  4826 | D:5      | Noticed a yak
  4826 | D:5      | Noticed a yak
  4826 | D:5      | Noticed a yak
  4826 | D:5      | Noticed a yak
  4835 | D:5      | Killed a yak
  4835 | D:5      | Killed a yak
  4835 | D:5      | Killed a yak
  4836 | D:5      | Reached skill level 10 in Stealth
  4836 | D:5      | Reached XP level 9. HP: 48/48 MP: 9/17
  4866 | D:5      | Reached skill level 11 in Stealth
  4990 | D:5      | Found a staircase to the Ecumenical Temple.
  4996 | Temple   | Entered the Ecumenical Temple
  5040 | D:5      | Identified the +7 long sword of Siromax {freeze, rC+ Str+2}
  5455 | D:6      | Banished Grinder
  5456 | D:6      | Reached skill level 12 in Stealth
  5640 | D:6      | Reached XP level 10. HP: 44/54 MP: 18/18
  5893 | D:7      | Reached skill level 13 in Stealth
  6491 | D:8      | Reached skill level 5 in Short Blades
  6491 | D:8      | Reached skill level 5 in Dodging
  6559 | D:8      | Found a radiant altar of Vehumet.
  6706 | D:7      | Learned a level 4 spell: Summon Lightning Spire
  6717 | D:7      | Reached skill level 14 in Stealth
  7504 | D:7      | Found a shadowy altar of Dithmenos.
  7510 | D:7      | Became a worshipper of Dithmenos the Shadowed
  7848 | D:8      | Found a staircase to the Lair.
  8280 | D:9      | Reached skill level 15 in Stealth
  8352 | D:9      | Noticed Harold
  8363 | D:9      | Killed Harold
  8364 | D:9      | Reached XP level 11. HP: 60/60 MP: 21/21
  8729 | D:9      | Reached * piety under Dithmenos
  9356 | D:9      | Reached skill level 1 in Air Magic
 10039 | D:10     | Entered Level 10 of the Dungeon
 10132 | D:10     | Noticed a two-headed ogre
 10140 | D:10     | Killed a two-headed ogre
 10141 | D:10     | Reached skill level 16 in Stealth
 10268 | D:10     | Found a hazy altar of Hepliaklqana.
 10476 | D:10     | Reached ** piety under Dithmenos
 10730 | D:10     | Found a staircase to the Orcish Mines.
 10803 | D:10     | Found a burning altar of Makhleb.
 10873 | D:10     | Found an opulent altar of Gozag.
 11487 | D:10     | Noticed a balrug
 11664 | D:11     | Noticed a two-headed ogre
 11665 | D:11     | Killed a two-headed ogre
 11698 | D:11     | Reached skill level 17 in Stealth
 11842 | D:11     | Reached XP level 12. HP: 66/67 MP: 18/23
 11863 | D:11     | Reached skill level 10 in Summonings
 12149 | D:11     | Noticed Sonja
 12153 | D:11     | Killed Sonja
 12187 | D:11     | Reached *** piety under Dithmenos
 12199 | D:11     | Reached skill level 18 in Stealth
 12519 | D:12     | Reached skill level 5 in Fighting
 12828 | D:12     | Noticed a centaur warrior
 12840 | D:12     | Killed a centaur warrior
 13357 | D:12     | Reached skill level 19 in Stealth
 13674 | D:12     | Noticed a centaur warrior
 13679 | D:12     | Killed a centaur warrior
 13681 | D:12     | Noticed a centaur warrior
 13682 | D:12     | Noticed a centaur warrior
 13685 | D:12     | Killed a centaur warrior
 13686 | D:12     | Reached XP level 13. HP: 72/72 MP: 25/25
 13691 | D:12     | Killed a centaur warrior
 13707 | D:12     | Reached skill level 20 in Stealth
 13835 | D:12     | Found an iron altar of Okawaru.
 13848 | D:12     | Found the +8 lance "Wyrmbane" {slay drac, rPois rF+ rC+
                  | AC+3}
 14013 | D:13     | Noticed a seven-headed hydra
 14031 | D:13     | Killed a seven-headed hydra
 14313 | D:13     | Reached **** piety under Dithmenos
 14332 | D:13     | Reached skill level 21 in Stealth
 14424 | D:13     | Noticed a centaur warrior
 14432 | D:13     | Killed a centaur warrior
 15069 | D:13     | Noticed a centaur warrior
 15073 | D:13     | Killed a centaur warrior
 15403 | D:13     | Reached skill level 1 in Hexes
 15748 | D:13     | Noticed a centaur warrior
 15752 | D:13     | Killed a centaur warrior
 15792 | D:13     | Noticed a centaur warrior
 15796 | D:13     | Killed a centaur warrior
 15837 | D:14     | Found Untyll's Book Shop.
 15952 | D:14     | Found Abod's Assorted Antiques.
 15955 | D:14     | Bought a scroll of identify for 58 gold pieces
 16060 | D:14     | Reached XP level 14. HP: 79/79 MP: 27/27
 16087 | D:14     | Identified the +0 robe of the Sky {rPois}
 16147 | D:14     | Killed from afar by a wizard

Illustrated notes

Levels and vault maps discovered:
D:1:      mrwooster_arrival_statue_2, layout_rooms, nicolae_figureground_sparkle
D:2:      layout_basic, roderic_lattice_a, kennysheep_generic_room_11,
          uniq_robin
D:3:      layout_loops_ring
D:4:      layout_rooms, minmay_bisected, uniq_eustachio, uniq_sigmund,
          uniq_pikel
D:5:      layout_basic, grunt_temple_overflow_open,
          minmay_temple_entry_drinking_statues, portal_sewer_entry_b,
          minmay_fountain_box, minivault_24
D:6:      layout_basic, enter_ossuary_1, uniq_grinder
D:7:      layout_rooms, grunt_dithmenos_shadows, fedhas_altar_1,
          serial_aquarium, aquarium_bridge_square [aquarium_subvault_wall,
          aquarium_subvault_wall, aquarium_subvault_bridge,
          aquarium_subvault_bridge], aquarium_bridge_island_large
          [aquarium_subvault_large_water, aquarium_subvault_bridge,
          aquarium_subvault_window, aquarium_subvault_wall,
          aquarium_subvault_bridge], aquarium_window_fake, aquarium_window_fake,
          aquarium_window_corridor_1, aquarium_window_fake, aquarium_view_2a,
          aquarium_view_2b, aquarium_pool_S, hangedman_misty_isle
D:8:      layout_basic, mainiacjoe_overflow_alcove_1, lair_entry_dummy,
          roderic_batcave
D:9:      layout_grid_maze, uniq_harold
D:10:     layout_loops_corners, nzn_hepliaklqana_mist_gate,
          makhleb_altar_promises_db,
          nicolae_gozag_cash_rules_everything_around_me,
          kennysheep_orc_monster_closet_entryway,
          chequers_serial_rivers_large_b, nicolae_two_hexagons
D:11:     layout_basic, chequers_serial_rivers_room_b, uniq_sonja
D:12:     evilmike_iron_armoury, layout_loops_ring
D:13:     layout_roguey
D:14:     layout_cave_pods, grunt_vaults_entry_tiered, chequers_mini_garden,
          serial_column_ruins, column_ruins_columns_straight,
          column_ruins_open_medium, column_ruins_open_large,
          column_ruins_columns_straight, serial_shops,
          nicolae_shop_bloodbath_and_beyond, shop_fountains,
          kennysheep_mini_moat, nicolae_stop_n_shop_1,
          minmay_misc_feat_four_crosses, minmay_misc_feat_pillars,
          eat_drink_and_be_merry_uskayaw
Temple:   hellmonk_temple_two_chambers

Skill      XL: |  1  2  3  4  5  6  7  8  9 10 11 12 13 |
---------------+----------------------------------------+-----
Stealth        | 3 4 5 7 10 12 15 17 19 21 | 21.7
Summonings     | 5 6 7 8 9 10 12 | 12.4
Short Blades   | 2 3 4 6 7 9 |  9.5
Spellcasting   | 3 4 5 6 7 8 9 |  9.3
Dodging        | 3 4 6 7 |  7.8
Fighting       | 1 2 3 4 5 |  5.8
Air Magic      | 1 2 3 |  3.0
Hexes          | 1 |  1.2
Evocations     | |  0.3

Action                   |  1- 3 |  4- 6 |  7- 9 | 10-12 | 13-15 || total
-------------------------+-------+-------+-------+-------+-------++-------
Melee: Unarmed           |     3 |       |       |       |       ||     3
       Dagger            |    29 |    98 |   126 |   189 |       ||   442
       Punch             |       |       |       |     5 |     1 ||     6
       Short sword       |       |       |       |   237 |   122 ||   359
 Cast: Summon Small Mamm |    13 |    10 |     1 |     2 |       ||    26
       Call Imp          |     3 |     7 |     5 |     4 |    11 ||    30
       Call Canine Famil |     1 |     7 |    13 |    16 |    19 ||    56
       Summon Guardian G |       |       |     3 |       |     6 ||     9
       Summon Lightning  |       |       |       |    14 |    13 ||    27
Evoke: Wand              |       |       |       |     2 |       ||     2
  Use: Scroll            |     3 |     4 |     2 |    14 |     3 ||    26
 Stab: Sleeping          |    10 |     9 |    17 |    55 |    28 ||   119
       Distracted        |       |       |     2 |    11 |     6 ||    19
       Betrayed ally     |       |       |       |     1 |       ||     1
Armor: Robe              |     6 |    21 |    23 |    53 |    22 ||   125
Dodge: Dodged            |    28 |    72 |    87 |   333 |    94 ||   614

Table legend: (Time is in decaauts)
 A = Elapsed time spent in this place.
 B = Non-inter-level travel time spent in this place.
 C = Inter-level travel time spent in this place.
 D = Time resting spent in this place.
 E = Time spent auto-exploring this place.
 F = Levels seen in this place.
 G = Mean time per level.
                   A        B        C        D        E       F      G
               +--------+--------+--------+--------+--------+-----+--------+
         Total |  16016 |  15295 |    721 |   2766 |   7588 |  16 | 1001.0 |
       Dungeon |  15660 |  14947 |    713 |   2766 |   7376 |  14 | 1118.6 |
        Temple |     35 |     27 |      8 |      0 |     18 |   1 |   35.0 |
         Sewer |    320 |    320 |      0 |      0 |    194 |   1 |  320.0 |
               +--------+--------+--------+--------+--------+-----+--------+

Top non-repeatable levels by time:
     D:9: 2078 daAuts
    D:12: 1903 daAuts
    D:10: 1647 daAuts
    D:13: 1501 daAuts
     D:7: 1471 daAuts
     D:2: 1284 daAuts
     D:5: 959 daAuts
     D:6: 867 daAuts
     D:3: 865 daAuts
     D:1: 856 daAuts
     D:8: 852 daAuts
    D:11: 675 daAuts
     D:4: 401 daAuts
   Sewer: 320 daAuts
    D:14: 297 daAuts
